 Dungeon Crawl Stone Soup version 0.29.0-4-gdea44cf6ec (webtiles) character file.

Game seed: 11561831082879799555

81 qw the Chopper (level 4, -3/26 HPs)
             Began as a Tengu Warper on Aug 28, 2022.
             Slain by an iguana (9 damage)
             ... on level 2 of the Dungeon.
             The game lasted 00:00:09 (1923 turns).

qw the Chopper (Tengu Warper)                       Turns: 1923, Time: 00:00:09

Health: -3/26      AC:  8    Str: 13    XL:     4   Next: 42%
Magic:  8/8        EV:  6    Int: 13    God:
Gold:   79         SH:  0    Dex: 14    Spells: 7/7 levels left

rFire   . . .      SeeInvis .   Y - +2 hand axe
rCold   . . .      Faith    .   (no shield)
rNeg    . . .      Spirit   .   g - +0 chain mail
rPois   .          Reflect  .   (helmet restricted)
rElec   .          Harm     .   (no cloak)
rCorr   .          Rampage  .   (no gloves)
Will    .....                   (boots unavailable)
Stlth   ..........              c - amulet of regeneration
HPRegen 0.88/turn               (no ring)
MPRegen 0.11/turn               (no ring)

@: about to teleport
A: beak, talons 3
a: no special abilities


You were on level 2 of the Dungeon.
You visited 1 branch of the dungeon, and saw 3 of its levels.

You collected 103 gold pieces.
You spent 24 gold pieces at shops.


Innate Abilities, Weirdness & Mutations

You have a beak for a mouth.
You have claws for feet.


   Skills:
 - Level 2.0 Fighting
 + Level 5.0 Axes
 - Level 1.0 Throwing
 - Level 1.1 Armour
 - Level 2.1 Dodging
 - Level 2.0 Spellcasting
 - Level 2.4 Translocations


You had 7 spell levels left.
You didn't know any spells.
Your spell library contained the following spells:

 Spells                   Type           Power      Damage    Failure   Level
 Blink                    Tloc           14%        N/A       99%         2
 Gell's Gravitas          Tloc           7%         N/A       100%        3
 Lesser Beckoning         Tloc           7%         N/A       100%        3
 Teleport Other           Tloc           7%         N/A       100%        3
 Manifold Assault         Tloc           7%         N/A       100%        5

Inventory:

Hand Weapons
 d - a +0 whip
 Y - a +2 hand axe (weapon)
Armour
 g - a +0 chain mail (worn)
Jewellery
 c - an amulet of regeneration (around neck)
Scrolls
 f - 2 scrolls of teleportation
 i - 2 scrolls of identify
Potions
 e - 2 potions of curing

Dungeon Overview and Level Annotations

Branches:
Dungeon (3/15)

Altars:

Shops:
D:1 *


Message History

An endoplasm comes into view.
There is a stone staircase leading up here.
1913 ||| STAIRDANCE The endoplasm quivers.
The orc barely misses you. The iguana bites you.
You climb upwards.
There is a stone staircase leading down here.
You closely miss the iguana. Your kick misses the iguana.
You closely miss the orc. The iguana bites you!
The orc hits you but does no damage.
You hit the iguana. You peck the iguana.
The iguana is moderately wounded.
You hit the orc. The iguana barely misses you.
The orc hits you but does no damage.
You hit the orc. Your kick misses the orc. Your peck misses the orc.
The orc is severely wounded.
You completely miss the iguana. The iguana bites you.
The orc hits you with a +0 club.
You barely miss the orc.
The orc is severely wounded.
You hit the iguana. The iguana barely misses you. The orc barely misses you.
You closely miss the orc. You peck the orc.
You kill the orc!
You hit the iguana but do no damage.
The iguana bites you but does no damage.
You hit the iguana but do no damage. You claw the iguana.
The iguana is heavily wounded.
The iguana bites you.
You hit the iguana.
The iguana is almost dead.
The iguana bites you.
You hit the iguana but do no damage. You peck the iguana, but do no damage.
The iguana is almost dead.
The iguana bites you.
1923 ||| READING 3 scrolls of teleportation.
As you read the scroll of teleportation, it crumbles to dust.
You feel strangely unstable. The iguana bites you!
You die...

###### #....##############
#....##.....#.....##
#.(..#.........)...## #####
#..............l@...# ##...#
#................[..######..#.###
#................................
#...................######.##.###
#...................# #.##.#
#....#%............## #.##.#
#....#......#.....### #.##.#
##.###.##.#...###...#### #.##.###
#.# #..#....[...##....# #.##....


You could see an iguana.

Vanquished Creatures
  5 adders (D:2)
  A worm (D:2)
  A dart slug (D:2)
  2 orcs (D:2)
  2 bats (D:1)
  2 endoplasms (D:2)
  2 giant cockroaches (D:2)
  2 hobgoblins (D:2)
  3 quokkas
  A ball python (D:1)
  2 frilled lizards
  3 goblins (D:2)
  4 kobolds
30 creatures vanquished.

Notes
Turn   | Place    | Note
-------+----------+-------------------------------------------
     0 | D:1      | qw the Tengu Warper began the quest for the Orb.
     0 | D:1      | Reached XP level 1. HP: 12/12 MP: 4/4
     0 | D:1      | 0 ||| qw: Version: 0.1-a-89-g26bdef1
     0 | D:1      | 0 ||| qw: Game counter: 446
     0 | D:1      | 0 ||| qw: Always use a shield: true
     0 | D:1      | 0 ||| qw: God list: Okawaru
     0 | D:1      | 0 ||| qw: Allow faded altars: false
     0 | D:1      | 0 ||| qw: Do Orc after D:15 true
     0 | D:1      | 0 ||| qw: Do second Lair branch before Depths: true
     0 | D:1      | 0 ||| qw: Lair rune preference: random
     0 | D:1      | 0 ||| qw: Plans: Normal
     0 | D:1      | 0 ||| PLANNING D:1-11
    50 | D:1      | 50 ||| Stepping ~*~*~tactically~*~*~ (stealth).
   333 | D:1      | Reached XP level 2. HP: 17/17 MP: 6/6
   353 | D:1      | Reached skill level 3 in Axes
   490 | D:1      | Found Fusifagh's General Store.
   740 | D:1      | 740 ||| SHOPLISTING potion of mutation (96 gold, have 27).
   740 | D:1      | 740 ||| SHOPLISTING potion of resistance (120 gold, have
                  | 27).
   740 | D:1      | 740 ||| SHOPLISTING ring of see invisible (180 gold, have
                  | 27).
   740 | D:1      | 740 ||| BUYING scroll of identify (24 gold).
   740 | D:1      | Bought a scroll of identify for 24 gold pieces
   937 | D:1      | 937 ||| UPGRADING to +0 chain mail.
   947 | D:1      | 947 ||| DROPPING +0 leather armour.
   948 | D:1      | 948 ||| READING scroll labelled CARILEN VYFREU.
   949 | D:1      | 949 ||| READING scroll labelled WUT WOANILIDGH.
   950 | D:1      | 950 ||| READING scroll labelled UNORRE LUNATI.
   954 | D:1      | 954 ||| DRINKING 2 orange potions.
   955 | D:1      | 955 ||| READING 2 scrolls of identify.
   955 | D:1      | 955 ||| IDENTIFYING smoky coppery potion
   956 | D:1      | 956 ||| DROPPING scroll of blinking.
   957 | D:1      | 957 ||| DROPPING potion of lignification.
   996 | D:2      | 996 ||| Stepping ~*~*~tactically~*~*~ (stealth).
  1030 | D:2      | 1030 ||| READING scroll of enchant weapon.
  1030 | D:2      | 1030 ||| ENCHANTING +1 hand axe.
  1035 | D:2      | Found a faded altar of an unknown god.
  1047 | D:2      | Reached XP level 3. HP: 21/21 MP: 7/7
  1226 | D:2      | Reached skill level 4 in Axes
  1257 | D:2      | 1257 ||| DROPPING +0 club.
  1516 | D:2      | Reached XP level 4. HP: 26/26 MP: 8/8
  1597 | D:2      | 1597 ||| Stepping ~*~*~tactically~*~*~ (hiding).
  1598 | D:2      | 1598 ||| Stepping ~*~*~tactically~*~*~ (hiding).
  1867 | D:2      | 1867 ||| UPGRADING to amulet of regeneration.
  1872 | D:2      | 1872 ||| READING scroll labelled WIUXOCWI AHOSM.
  1873 | D:2      | 1873 ||| READING 3 scrolls of identify.
  1873 | D:2      | 1873 ||| IDENTIFYING sedimented inky potion
  1874 | D:2      | 1874 ||| DROPPING potion of berserk rage.
  1907 | D:3      | 1907 ||| STAIRDANCE
  1911 | D:2      | Reached skill level 5 in Axes
  1913 | D:3      | 1913 ||| STAIRDANCE
  1922 | D:2      | HP: 5/26 [iguana (5)]
  1923 | D:2      | 1923 ||| READING 3 scrolls of teleportation.
  1923 | D:2      | Slain by an iguana

Levels and vault maps discovered:
D:1:      minmay_arrival_plants_in_alcoves, layout_rooms, serial_shops, shop,
          serial_forest, infiniplex_forest_straight_1, infiniplex_forest_end_1,
          infiniplex_forest_lined_2, infiniplex_forest_lined_1,
          infiniplex_forest_straight_3
D:2:      layout_rooms, shapermc_ecumenical_altar_venn
D:3:      layout_basic, mainiacjoe_overflow_brackets, uniq_ijyb, uniq_natasha,
          uniq_crazy_yiuf_cottage, uniq_terence

Skill      XL: |  1  2  3  4 |
---------------+-------------+-----
Axes           | 3 4 5 |  5.0
Fighting       | |  2.0
Throwing       | |  1.0
Armour         | |  1.1
Dodging        | |  2.1
Spellcasting   | |  2.0
Translocations | |  2.4

Action                   |  1- 3 |  4- 6 || total
-------------------------+-------+-------++-------
Melee: Hand axe          |    54 |    22 ||    76
       Peck              |    11 |     4 ||    15
       Kick              |    11 |     3 ||    14
       Punch             |     1 |       ||     1
Throw: Boomerang         |     7 |       ||     7
  Use: Scroll            |     5 |     3 ||     8
       Potion            |     1 |       ||     1
Armor: Leather armour    |     8 |       ||     8
       Chain mail        |    14 |    11 ||    25
Dodge: Dodged            |    14 |     5 ||    19

Table legend:
 A = Non-vault XP
 B = Vault XP
 C = Vault XP percentage of total XP
 D = Non-vault monster count
 E = Vault monster count
 F = Vault count percentage of total count
                 A         B        C        D         E       F
            +---------+---------+-------+---------+---------+-------
      Total |     117 |       0 |   0.0 |      30 |       0 |   0.0
            +---------+---------+-------+---------+---------+-------
        D:1 |      13 |       0 |   0.0 |       9 |       0 |   0.0
        D:2 |     104 |       0 |   0.0 |      21 |       0 |   0.0
            +---------+---------+-------+---------+---------+-------
